Map: Acid Plant LE

Players

BettyWhite

  • Race: Zerg Zerg
  • League: Master
  • Spawn Location: 5:00

Maplez - Winner!

  • Race: Protoss Protoss
  • League: Master
  • Spawn Location: 11:00

VOD

Have the link to the VOD?

Description

Time

  • Played on: Jan. 31, 2018, 1:32 p.m.
  • Length: 15:26
Show
View Real Time Build Order
Export as new Build Order

BettyWhite Zerg 

Build Orders: Hatch First, Lurkers 

Get SALT Encoding   

  12  0:01  Drone  
  13  0:13  Overlord  
  13  0:20  Drone  
  14  0:32  Drone x2  
  16  0:36  Drone  
  17  0:55  Hatchery  
  16  0:59  Drone  
  17  1:07  Drone  
  17  1:15  Extractor  
  16  1:21  Drone, Spawning Pool  
  16  1:24  Drone  
  17  1:30  Drone  
  18  1:39  Drone  
  19  1:50  Overlord  
  19  2:03  Drone  
  19  2:07  Zergling x2  
  19  2:08  Queen  
  23  2:11  Queen  
  23  2:13  Zergling x2  
  26  2:18  Zergling x2  
  27  2:24  Zergling x2  
  27  2:25  Evolution Chamber  
  27  2:27  Metabolic Boost  
  27  2:32  Zergling x2  
  27  2:33  Zergling x2  
  29  2:39  Zergling x2  
  29  2:44  Overlord  
  30  2:58  Zergling x4  
  32  3:05  Overlord  
  31  3:17  Zergling x6  
  34  3:29  Zergling x4  
  34  3:32  Spore Crawler  
  35  3:34  Drone x3  
  35  3:35  Spore Crawler  
  34  3:42  Drone  
  34  3:43  Drone  
  35  3:50  Drone x2  
  35  3:55  Drone x2  
  39  4:03  Drone x2  
  39  4:08  Drone x2  
  43  4:12  Drone  
  42  4:26  Zergling x2  
  41  4:33  Pneumatized Carapace  
  41  4:34  Drone x2  
  41  4:35  Hatchery  
  42  4:39  Queen  
  44  4:51  Drone x3  
  44  4:52  Drone x3  
  49  5:09  Extractor x2, Overlord  
  49  5:13  Overlord  
  47  5:15  Roach Warren  
  47  5:16  Evolution Chamber, Overlord x2  
  45  5:26  Queen  
  45  5:27  Drone x3  
  45  5:28  Drone  
  51  5:34  Lair  
  51  5:38  Drone x2  
  49  5:43  Drone x2  
  51  5:51  Drone x4  
  51  5:52  Drone  
  51  5:56  Zerg Missile Weapons Level 1  
  56  6:03  Roach x2  
  60  6:08  Queen  
  60  6:09  Drone  
  60  6:10  Drone  
  63  6:20  Drone  
  63  6:21  Drone  
  63  6:22  Drone x3, Spore Crawler  
  63  6:23  Drone  
  68  6:33  Overlord  
  68  6:37  Extractor  
  68  6:38  Zerg Ground Armor Level 1  
  67  6:41  Drone x4  
  67  6:42  Hydralisk Den  
  67  6:43  Drone  
  71  6:53  Overlord  
  71  6:54  Drone x5  
  78  7:01  Roach  
  78  7:02  Roach  
  80  7:11  Roach x3  
  80  7:12  Roach x2, Overlord  
  80  7:13  Overlord  
  90  7:21  Overlord  
  90  7:22  Overlord  
  90  7:23  Glial Reconstitution  
  90  7:28  Overlord x2  
  90  7:36  Overseer  
  87  7:48  Hydralisk x3  
  87  7:49  Hydralisk x7  
  107  7:55  Hydralisk x2  
  107  7:56  Hydralisk  
  113  7:59  Overlord  
  113  8:02  Grooved Spines  
  113  8:04  Roach  
  115  8:06  Drone x3  
  115  8:07  Queen  
  115  8:10  Extractor x2  
  118  8:22  Hydralisk  
  118  8:23  Hydralisk x2  
  124  8:34  Drone x2, Hatchery  
  124  8:35  Drone x4  
  129  8:48  Lurker Den  
  129  8:51  Drone x3  
  129  8:52  Drone x3, Zergling x4  
  129  8:54  Zergling x4  
  138  9:01  Overlord x4  
  138  9:13  Muscular Augments  
  138  9:17  Zerg Missile Weapons Level 2  
  138  9:19  Overlord x3  
  138  9:23  Drone x6  
  138  9:24  Drone  
  145  9:37  Hydralisk x3  
  145  9:38  Hydralisk x3  
  151  9:42  Extractor  
  151  9:44  Extractor  
  155  10:14  Lurker x7  
  155  10:15  Lurker  
  155  10:16  Zergling x2  
  155  10:17  Zergling x36  
  182  10:32  Hydralisk x2  
  182  10:33  Hydralisk x4  
  194  10:41  Zergling x6  
  197  10:46  Zergling x2  
  198  10:50  Zergling x2  
  198  10:57  Zergling x2  
  200  11:02  Zergling x2  
  196  11:05  Hydralisk, Drone  
  196  11:10  Zerg Ground Armor Level 2  
  196  11:11  Zergling x4  
  196  11:15  Zergling x10  
  196  11:17  Zergling x6  
  199  11:23  Overlord x2  
  189  11:34  Infestation Pit  
  189  11:35  Overlord  
  176  11:44  Hydralisk x2  
  176  11:45  Hydralisk x7  
  189  11:53  Drone x2  
  178  12:09  Hydralisk x5  
  178  12:10  Hydralisk x2  
  178  12:11  Hydralisk  
  174  12:21  Hydralisk x2  
  154  12:23  Hydralisk  
  154  12:29  Hydralisk  
  143  12:33  Lurker x3  
  143  12:35  Zergling x2  
  149  12:40  Hatchery  
  148  12:48  Hydralisk x2  
  152  12:51  Roach  
  152  12:54  Hatchery  
  152  12:55  Lurker  
  152  12:57  Drone  
  145  13:04  Lurker  
  146  13:05  Zergling x2  
  146  13:11  Zergling x2  
  147  13:14  Hive, Zergling x2  
  148  13:20  Lurker  
  149  13:28  Lurker  
  150  13:36  Hydralisk  
  150  13:37  Hydralisk  
  150  13:39  Drone x3  
  157  13:51  Lurker  
  157  13:52  Lurker  
  157  13:53  Zergling x6  
  162  13:56  Hatchery  
  162  14:00  Lurker  
  162  14:09  Hydralisk x3  
  168  14:27  Spire  
  168  14:28  Zergling x2  
  168  14:29  Zergling x14  
  168  14:49  Overseer  
  168  14:50  Overseer  
  168  14:52  Hydralisk x2  
  161  14:53  Hydralisk x2  
  168  15:00  Drone x6  
  168  15:01  Drone  
Show
View Real Time Build Order
Export as new Build Order

Maplez Protoss - Winner!

Build Orders: 1 Gate Expand, Oracle Opening, Zealot Archon 

Get SALT Encoding   

  12  0:00  Probe  
  13  0:13  Probe  
  14  0:17  Pylon  
  14  0:25  Probe (Chrono Boost)  
  15  0:37  Probe (Chrono Boost)  
  15  0:38  Gateway  
  16  0:45  Probe (Chrono Boost)  
  17  0:50  Assimilator  
  17  0:55  Probe  
  18  1:07  Probe  
  19  1:19  Probe  
  20  1:29  Nexus  
  20  1:33  Probe  
  21  1:42  Cybernetics Core  
  21  1:45  Probe  
  22  1:51  Assimilator  
  22  1:58  Probe  
  23  2:01  Pylon  
  23  2:17  Adept (Chrono Boost)  
  23  2:19  Probe  
  26  2:24  Stargate  
  26  2:32  Probe (Chrono Boost)  
  26  2:33  Warp Gate  
  27  2:40  Adept  
  27  2:42  Probe (Chrono Boost)  
  27  2:44  Probe (Chrono Boost)  
  31  2:51  Probe (Chrono Boost)  
  31  2:52  Probe (Chrono Boost)  
  31  2:56  Probe (Chrono Boost)  
  31  2:58  Gateway  
  33  3:00  Probe  
  34  3:08  Probe  
  34  3:10  Oracle (Chrono Boost)  
  35  3:15  Adept  
  40  3:22  Probe  
  40  3:24  Pylon  
  41  3:28  Shield Battery  
  40  3:35  Pylon  
  35  3:47  Oracle (Chrono Boost)  
  35  3:52  Probe  
  35  3:53  Probe  
  40  3:58  Shield Battery  
  40  4:04  Probe  
  40  4:05  Probe  
  42  4:13  Pylon  
  42  4:17  Probe  
  43  4:28  Probe  
  43  4:29  Probe  
  43  4:31  Phoenix (Chrono Boost), Robotics Facility  
  46  4:40  Probe  
  46  4:44  Probe  
  48  4:46  Assimilator x2  
  48  4:53  Probe  
  48  4:56  Probe  
  50  5:04  Twilight Council, Forge  
  50  5:05  Probe  
  51  5:09  Probe  
  52  5:17  Pylon, Probe  
  52  5:21  Observer  
  54  5:22  Protoss Ground Weapons Level 1  
  54  5:35  Probe x2  
  56  5:38  Nexus  
  56  5:39  Pylon, Charge (Chrono Boost)  
  56  5:47  Probe, Warp Prism (Chrono Boost)  
  57  5:54  Probe  
  60  5:58  Gateway  
  60  6:05  Gateway  
  60  6:09  Templar Archives  
  60  6:13  Probe x2  
  62  6:25  Pylon, Probe  
  63  6:30  Probe  
  63  6:31  Pylon  
  64  6:36  Observer  
  64  6:37  Probe  
  65  6:42  Probe  
  66  6:47  Shield Battery  
  66  6:50  Probe  
  66  6:51  Probe  
  68  6:54  Probe  
  68  6:55  Pylon  
  68  6:59  Immortal (Chrono Boost)  
  69  7:03  Probe  
  69  7:04  High Templar x3  
  69  7:05  High Templar  
  82  7:08  Archon  
  82  7:09  Archon, Assimilator x2  
  82  7:10  Probe  
  83  7:16  Gateway  
  83  7:17  Gateway  
  83  7:24  Gateway  
  83  7:27  Probe x2, Gateway x2  
  83  7:28  Probe  
  86  7:32  Protoss Ground Weapons Level 2 (Chrono Boost)  
  86  7:39  Probe  
  86  7:40  Probe x2  
  89  7:44  Psionic Storm  
  89  7:49  Observer  
  93  7:51  Immortal, Probe  
  93  7:52  Probe x2  
  93  7:55  Robotics Facility  
  96  7:59  High Templar x2  
  96  8:04  Probe  
  101  8:06  Gateway  
  101  8:14  Pylon  
  101  8:19  Pylon  
  101  8:28  Sentry x4  
  113  8:37  Nexus  
  113  8:39  Pylon  
  113  8:40  Immortal (Chrono Boost)  
  113  8:42  Pylon  
  113  8:44  Immortal (Chrono Boost)  
  113  8:47  High Templar  
  119  8:58  Pylon  
  119  9:00  Pylon, High Templar x2  
  123  9:10  Photon Cannon  
  123  9:11  Photon Cannon  
  123  9:13  Photon Cannon  
  123  9:14  Photon Cannon  
  123  9:16  Shield Battery  
  122  9:21  Immortal (Chrono Boost), Shield Battery  
  127  9:32  Observer (Chrono Boost)  
  127  9:34  High Templar x2  
  127  9:36  Zealot  
  133  9:38  Archon, Protoss Ground Weapons Level 3 (Chrono Boost)  
  133  9:43  Probe  
  134  9:54  Immortal (Chrono Boost), Probe x2  
  134  9:57  Assimilator x2  
  144  10:04  Immortal (Chrono Boost)  
  144  10:13  Probe x4  
  146  10:25  Probe  
  145  10:32  High Templar x4  
  145  10:33  Zealot x3  
  145  10:34  Zealot x2  
  163  10:38  Pylon  
  163  10:39  Archon x2, Pylon  
  163  10:42  Pylon  
  163  10:51  Fleet Beacon  
  163  10:57  Zealot x5  
  170  11:08  Zealot x2  
  170  11:09  Zealot  
  168  11:17  Zealot  
  168  11:18  Zealot x5  
  173  11:20  Protoss Air Weapons Level 1 (Chrono Boost)  
  173  11:23  Stargate  
  173  11:25  Stargate  
  175  11:43  Zealot x8  
  191  11:53  Mothership (Chrono Boost)  
  155  12:21  Zealot x5  
  155  12:22  Zealot x4  
  163  12:25  Carrier x2 (Chrono Boost)  
  157  12:31  Carrier (Chrono Boost)  
  163  12:42  Graviton Catapult  
  159  12:45  High Templar x2  
  159  12:46  High Templar x2  
  167  12:56  Archon x2  
  167  12:58  Zealot x2  
  157  13:02  Probe x2  
  159  13:07  Zealot x3  
  159  13:08  Protoss Shields Level 1 (Chrono Boost)  
  163  13:17  Protoss Air Weapons Level 2 (Chrono Boost)  
  163  13:33  Carrier (Chrono Boost)  
  175  13:43  Zealot x5, Carrier (Chrono Boost)  
  175  13:44  Probe  
  186  13:49  Shield Battery  
  186  13:54  High Templar  
  186  13:55  High Templar x2  
  192  13:56  High Templar  
  192  13:58  Probe  
  192  14:00  Archon x2  
  195  14:05  Pylon  
  195  14:24  Zealot x2  
  197  14:25  Probe  
  197  14:26  Photon Cannon  
Tags
 
Add a new tag
Caveats
  • Supply blocks, unpowered buildings, or Contaminate may cause inaccurate times.
  • Supply counts are checked every 10 seconds.